 Dungeon Crawl Stone Soup version 0.26.0-16-gc1dbca0489 (webtiles) character file.

Game seed: 8325614193960867463

7751 BOMJPIETVODKU the Carver (level 11, -8/97 HPs)
             Began as a Hill Orc Fighter on Jan 17, 2021.
             Was an Initiate of Gozag.
             Killed from afar by Maggie (29 damage)
             ... with a bolt of fire
             ... on level 9 of the Dungeon.
             The game lasted 00:50:33 (12568 turns).

BOMJPIETVODKU the Carver (Hill Orc Fighter)        Turns: 12568, Time: 00:50:33

Health: -8/97      AC: 17    Str: 23    XL:     11   Next: 20%
Magic:  15/15      EV:  9    Int:  8    God:    Gozag
Gold:   754        SH: 11    Dex: 10    Spells: 15/16 levels left

rFire    . . .     SeeInvis +   a - +0 long sword
rCold    . . .     Faith    .   c - +0 kite shield
rNeg     . . .     Spirit   .   F - +4 ring mail "Foelyropp" {Rampage rPois rCorr SInv}
rPois    +         Reflect  .   g - +2 helmet
rElec    .         Harm     .   I - +2 cloak
rCorr    +         Rampage  +   (no gloves)
Will     .....                  (no boots)
Stlth    ..........             C - amulet of magic regeneration
HPRegen  0.26/turn              A - ring of wizardry
MPRegen  0.39/turn              (no ring)

@: mesmerised, hasted, very quick
A: no striking features
a: Renounce Religion, Potion Petition, Call Merchant, Bribe Branch


You were on level 9 of the Dungeon.
You worshipped Gozag.
Gozag was pleased with you.
You visited 1 branch of the dungeon, and saw 9 of its levels.
You also visited: Sewer.

You collected 1916 gold pieces.
You spent 432 gold pieces at shops.
You paid 730 gold pieces to Gozag.

Inventory:

Hand Weapons
 a - a +0 long sword (weapon)
 P - the +5 great sword of a Gauntlet {vamp, Str-5 Dex+9}
   (You found it on level 9 of the Dungeon)

   It inflicts no extra harm, but heals its wielder when it wounds a living foe.
   It affects your strength (-5).
   It affects your dexterity (+9).
Armour
 c - a +0 kite shield (worn)
 g - a +2 helmet (worn)
 D - a +0 plate armour
 F - the +4 ring mail "Foelyropp" (worn) {Rampage rPois rCorr SInv}
   (You found it on level 7 of the Dungeon)

   It protects you from poison.
   It lets you see invisible.
   It provides partial protection from all sources of acid and corrosion.
   It bestows one free step when moving towards enemies.
 I - a +2 cloak (worn)
Jewellery
 n - an uncursed ring of ice
 t - an uncursed amulet of the acrobat
 z - an uncursed ring of willpower
 A - a ring of wizardry (left hand)
 C - an amulet of magic regeneration (around neck)
 J - an uncursed ring of willpower
 K - an uncursed ring of protection from cold
Wands
 b - a wand of iceblast (7)
 d - a wand of random effects (15)
 G - a wand of enslavement (7)
 L - a wand of polymorph (5)
Scrolls
 f - 2 scrolls of enchant armour
 h - 4 scrolls of identify
 j - 5 scrolls of teleportation {unknown}
 l - 4 scrolls of remove curse {unknown}
 p - 3 scrolls of immolation
 r - 5 scrolls of fear
 s - 10 scrolls of magic mapping
 u - a scroll of random uselessness {unknown}
 v - a scroll of holy word {unknown}
 x - 2 scrolls of amnesia
 y - 2 scrolls of fog {unknown}
 B - a scroll of enchant weapon
Potions
 e - 2 potions of lignification
 i - a potion of mutation {unknown}
 k - 2 potions of resistance
 m - 2 potions of curing
 o - 5 potions of heal wounds {unknown}
 q - 2 potions of berserk rage {unknown}
 E - 2 potions of brilliance
 H - a potion of might
 M - a potion of flight
 O - a potion of attraction


   Skills:
 * Level 9.4 Fighting
 * Level 10.2 Long Blades
 * Level 6.9 Armour
 - Level 1.0 Dodging
 + Level 7.8 Shields
 * Level 3.3 Spellcasting
 * Level 3.3 Hexes
 * Level 6.4 Evocations


You had 15 spell levels left.
You knew the following spells:

 Your Spells              Type           Power        Failure   Level
a - Corona                Hex            6%           12%         1

Your spell library contained the following spells:

 Spells                   Type           Power        Failure   Level
 Ensorcelled Hibernation  Hex/Ice        6%           34%         2
 Confusing Touch          Hex            6%           34%         3
 Tukima's Dance           Hex            6%           34%         3
 Beastly Appendage        Tmut           2%           43%         1
 Freeze                   Ice            4%           43%         1
 Shock                    Conj/Air       4%           43%         1
 Swiftness                Air            1%           56%         2
 Wereblood                Tmut           1%           56%         2
 Dazzling Flash           Conj/Hex       6%           56%         3
 Frozen Ramparts          Ice            2%           78%         3
 Ozocubu's Armour         Ice            1%           78%         3
 Spider Form              Tmut/Pois      0%           78%         3
 Static Discharge         Conj/Air       1%           78%         3
 Airstrike                Air            0%           99%         4
 Hailstorm                Conj/Ice       1%           99%         4
 Ice Form                 Ice/Tmut       1%           99%         4
 Summon Ice Beast         Ice/Summ       1%           99%         4
 Blade Hands              Tmut           0%           100%        5
 Lightning Bolt           Conj/Air       0%           100%        5


Dungeon Overview and Level Annotations

Branches:
Dungeon (9/15)             Temple (0/1) D:7           Sewer (visited)
   Lair: D:8-11         Orc: D:9-12

Altars:
Ashenzari
Cheibriados
Dithmenos
Gozag
Hepliaklqana
Nemelex Xobeh
Okawaru
Qazlal
Wu Jian
Xom
Yredelemnul
The Shining One

Shops:
D:4 (   D:8 !

Annotations:
D:3 1 runed translucent door
D:9 Maggie


Message History

You are electrocuted!
You hit Maggie.
Maggie is heavily wounded.
Maggie casts a spell.
Maggie attempts to bespell you!
You are mesmerised by Maggie!
You slash Maggie!
Maggie is severely wounded.
You block Maggie's attack.
You barely miss Maggie.
Maggie is severely wounded.
Maggie hits you but does no damage.
You are electrocuted!
* * * LOW HITPOINT WARNING * * *
You feel yourself speed up.
You closely miss Maggie.
Maggie is severely wounded.
Maggie casts a spell at you. The bolt of fire hits you!!
You die...
Your body crumbles into a pile of gold.

.##.## #.# .##.# #.#
#... ....# #.# #..#
..### #.# #..##. ..#
#.# #.... ..# #.#
#..# . $$ ..#
#.######..# .. #.#
#.##.....@##.#
#.######.##.....@...#
$
#.##......)......##.#
#.##.###########.#
#.##.# #.# #.##.# #.#
.....# #.......$
#.#### ######[## #.#
#.#


You could see Maggie (mesmerising).

Vanquished Creatures
  The ghost of matti1234 the Shield-Bearer, a novice FoHu of Gozag (D:8)
  Pikel (D:4)
  Joseph (D:9)
  A troll (D:9)
  A hornet (D:9)
  Grinder (D:6)
  Sigmund (D:3)
  4 yaks
  A vampire mosquito (D:8)
  A water moccasin (D:9)
  Purgy (Sewer)
  4 orc warriors
  3 phantoms
  A sky beast (D:5)
  4 black bears
  3 ice beasts
  3 ogres
  7 centaurs
  5 big kobolds
  4 bullfrogs
  2 scorpions (D:8)
  6 killer bees
  9 wights
  2 howler monkeys
  A centaur zombie (D:6)
  A bullfrog zombie (D:6)
  2 jellies
  5 orc priests
  Crazy Yiuf (D:4)
  3 hounds
  8 orc wizards
  4 iguanas
  2 bullfrog skeletons
  5 worker ants
  2 hound skeletons
  4 gnolls
  6 adders
  2 river rats (D:6)
  A shadow imp (D:5)
  2 white imps (D:8)
  2 ufetubi (D:9)
  2 oozes (D:2)
  2 adder skeletons
  3 worms (D:2)
  The ghost of RaHiT the Sneak, a weakling OpDe (D:5)
  2 dart slugs
  4 leopard geckos
  32 orcs
  2 ball pythons
  18 bats
  8 giant cockroaches
  4 goblins
  4 hobgoblins
  9 jackals
  25 kobolds
  5 quokkas
  10 frilled lizards
  A leopard gecko zombie (D:8)
  9 rats
259 creatures vanquished.

Vanquished Creatures (others)
  A jelly (D:7)
1 creature vanquished.

Grand Total: 260 creatures vanquished

Notes
Turn   | Place    | Note
-------+----------+-------------------------------------------
     0 | D:1      | BOMJPIETVODKU the Hill Orc Fighter began the quest for the
                  | Orb.
     0 | D:1      | Reached XP level 1. HP: 19/19 MP: 1/1
   283 | D:1      | Reached XP level 2. HP: 24/27 MP: 2/2
   570 | D:1      | Reached XP level 3. HP: 33/33 MP: 3/3
   722 | D:2      | Found a broken altar of Ashenzari.
   747 | D:2      | Reached skill level 3 in Long Blades
   795 | D:2      | Found a shadowy altar of Dithmenos.
   988 | D:2      | Reached XP level 4. HP: 40/40 MP: 4/4
   990 | D:2      | Noticed a black bear
  1006 | D:2      | Killed a black bear
  1007 | D:2      | Reached skill level 4 in Long Blades
  1007 | D:2      | Reached XP level 5. HP: 35/46 MP: 5/5
  1571 | D:3      | Found a sparkling altar of Nemelex Xobeh.
  1571 | D:3      | Found an opulent altar of Gozag.
  1585 | D:3      | Became a worshipper of Gozag Ym Sagoz the Greedy
  1800 | D:3      | Reached skill level 1 in Dodging
  1817 | D:3      | Found a glowing golden altar of the Shining One.
  1822 | D:3      | Noticed an angel
  1823 | D:3      | Found a runed translucent door.
  1872 | D:3      | Reached skill level 5 in Long Blades
  2147 | D:3      | Noticed Sigmund
  2166 | D:3      | Killed Sigmund
  2167 | D:3      | Reached skill level 1 in Evocations
  2167 | D:3      | Reached XP level 6. HP: 37/53 MP: 6/6
  2173 | D:3      | Noticed an ice beast
  2178 | D:3      | Killed an ice beast
  2179 | D:3      | Reached XP level 7. HP: 45/60 MP: 7/7
  2796 | D:4      | Reached skill level 5 in Fighting
  2796 | D:4      | Reached skill level 6 in Long Blades
  3243 | D:4      | Found Vityraim's Weapon Emporium.
  3590 | D:4      | Found a runed translucent door.
  3591 | D:4      | Noticed Crazy Yiuf
  3602 | D:4      | Killed Crazy Yiuf
  4046 | D:4      | Reached XP level 8. HP: 39/70 MP: 8/8
  4276 | D:5      | Entered Level 5 of the Dungeon
  4318 | D:5      | Found a runed translucent gate.
  4319 | D:5      | Found a runed translucent gate.
  4319 | D:5      | Noticed RaHiT's ghost (weakling OpDe)
  4320 | D:5      | Found a runed translucent gate.
  4498 | D:5      | Killed RaHiT's ghost
  4666 | D:5      | Reached skill level 7 in Long Blades
  4814 | D:5      | Noticed Pikel
  4856 | D:4      | Killed Pikel
  4857 | D:4      | Reached skill level 5 in Armour
  4857 | D:4      | Reached skill level 5 in Shields
  5469 | D:5      | Reached XP level 9. HP: 44/78 MP: 9/9
  6095 | D:6      | Reached skill level 8 in Long Blades
  6131 | D:6      | Found a glowing drain.
  6140 | D:6      | Reached skill level 1 in Spellcasting
  6159 | Sewer    | Entered a sewer
  6203 | Sewer    | Noticed Purgy
  6205 | Sewer    | Killed Purgy
  6471 | D:6      | Found a basalt altar of Yredelemnul.
  6502 | D:6      | Noticed Grinder
  6515 | D:6      | Killed Grinder
  7074 | D:7      | Got a twisted ring mail
  7089 | D:7      | Identified the +4 ring mail "Foelyropp" {Rampage rPois
                  | rCorr SInv} (You found it on level 7 of the Dungeon)
  7879 | D:7      | Found a stormy altar of Qazlal.
  7899 | D:7      | Found a staircase to the Ecumenical Temple.
  8018 | D:6      | Reached skill level 5 in Evocations
  8021 | D:6      | Reached skill level 9 in Long Blades
  8105 | D:7      | Noticed a two-headed ogre
  8475 | D:7      | Reached XP level 10. HP: 70/88 MP: 12/12
  8988 | D:7      | Found an iron altar of Okawaru.
  8988 | D:7      | Found a glowing golden altar of the Shining One.
  8994 | D:7      | Found a stormy altar of Qazlal.
  8996 | D:7      | Found an ornate altar of the Wu Jian Council.
  8997 | D:7      | Found a snail-covered altar of Cheibriados.
  9544 | D:8      | Learned a level 1 spell: Corona
  9612 | D:8      | Reached skill level 1 in Hexes
 10381 | D:8      | Found a runed translucent door.
 10381 | D:8      | Noticed matti1234's ghost (novice FoHu)
 10416 | D:8      | Killed matti1234's ghost
 10757 | D:8      | Found a shimmering altar of Xom.
 10972 | D:8      | Bought a potion of flight for 48 gold pieces
 10972 | D:8      | Bought a potion of lignification for 48 gold pieces
 10972 | D:8      | Bought a potion of might for 64 gold pieces
 10972 | D:8      | Bought a potion of haste for 160 gold pieces
 10972 | D:8      | Bought a potion of brilliance for 64 gold pieces
 10972 | D:8      | Bought a potion of attraction for 48 gold pieces
 11316 | D:9      | Got a shimmering great sword
 11318 | D:9      | Identified the +5 great sword of a Gauntlet {vamp, Str-5
                  | Dex+9} (You found it on level 9 of the Dungeon)
 11321 | D:9      | Found a hazy altar of Hepliaklqana.
 11341 | D:9      | Reached skill level 10 in Long Blades
 11409 | D:9      | Reached XP level 11. HP: 20/97 MP: 15/15
 11874 | D:9      | Noticed Joseph
 11881 | D:9      | Killed Joseph
 11992 | D:9      | Found a basalt altar of Yredelemnul.
 12536 | D:9      | Noticed Maggie
 12568 | D:9      | Killed from afar by Maggie

Illustrated notes

Levels and vault maps discovered:
D:1:      scummos_arrival_gate, layout_rooms, kennysheep_flooded_box,
          minmay_misc_feat_square, minmay_pentomino_x2
D:2:      layout_basic, overflow_temple_1_default,
          nicolae_dithmenos_shadow_blocks
D:3:      minmay_diamond_boxcup, layout_loops_corners,
          grunt_temple_overflow_opulence, lemuel_angel_altar, uniq_sigmund
D:4:      black_bear_nest_2, layout_loops_corners, serial_shops, shop,
          uniq_crazy_yiuf_cottage
D:5:      layout_layer_cave, serial_glass, glass_columns_b, glass_columns_a,
          gammafunk_ghost_split, uniq_pikel
D:6:      layout_loops_ring, portal_sewer_entry_a, basic_altar, uniq_grinder
D:7:      layout_cave_pools, chequers_temple_overflow_minitemple,
          minmay_temple_entry_statues_fountains, nicolae_lava_and_water,
          grunt_qazlal_clouds
D:8:      layout_basic, tgw_xom, ebering_ghost_inner_flame,
          small_statue_intersection, chequers_serial_rivers_micro_b
D:9:      layout_loops_ring, kennysheep_mini_moat, basic_altar,
          minmay_diced_spiral, uniq_joseph, uniq_maggie

Skill      XL: |  1  2  3  4  5  6  7  8  9 10 11 |
---------------+----------------------------------+-----
Long Blades    | 3 4 5 6 7 9 10 | 10.2
Fighting       | 4 5 6 7 9 |  9.4
Dodging        | 1 |  1.0
Shields        | 4 5 6 7 |  7.8
Evocations     | 1 2 3 5 6 |  6.4
Armour         | 4 5 6 |  6.9
Spellcasting   | 1 3 |  3.3
Hexes          | 2 3 |  3.3

Action                   |  1- 3 |  4- 6 |  7- 9 | 10-12 || total
-------------------------+-------+-------+-------+-------++-------
Melee: Long sword        |   125 |    90 |   509 |   542 ||  1266
 Cast: Corona            |       |       |       |    11 ||    11
Invok: Call Merchant     |       |       |       |     1 ||     1
Evoke: Wand              |       |       |     7 |     3 ||    10
  Use: Potion            |       |       |     4 |     3 ||     7
       Scroll            |       |       |     7 |     2 ||     9
 Stab: Distracted        |       |     1 |     1 |     1 ||     3
Armor: Scale mail        |    84 |    47 |       |       ||   131
       Chain mail        |       |    15 |   193 |       ||   208
       Ring mail         |       |       |    65 |   238 ||   303
       Plate armour      |       |       |    49 |       ||    49
Dodge: Dodged            |    52 |    49 |   128 |   184 ||   413
Block: Kite shield       |   104 |    49 |   282 |   256 ||   691
       Rpst.: Long sword |    18 |     6 |    30 |    50 ||   104
